 Dungeon Crawl Stone Soup version 0.31-a0-165-g3f4f80340b (webtiles) character file.

Game seed: 1920757064644614547

16 qw the Shooter (level 2, -2/17 HPs)
             Began as a Gargoyle Hunter on June 13, 2023.
             Slain by a cerulean imp
             ... wielding a +2 spear
             ... summoned by Natasha
              (3 damage)
             ... on level 2 of the Dungeon.
             The game lasted 00:00:12 (705 turns).

qw the Shooter (Gargoyle Hunter)                     Turns: 705, Time: 00:00:13

Health: -2/17      AC:  5    Str: 14    XL:     2   Next: 58%
Magic:  2/2        EV: 11    Int:  9    God:
Gold:   28         SH:  0    Dex: 13    Spells: 1/1 levels left

rFire   . . .        Y - +1 shortbow
rCold   . . .        (shield currently unavailable)
rNeg    + . .        c - +0 leather armour
rPois   inf          (no helmet)
rElec   +            (no cloak)
rCorr   .            (no gloves)
SInv    .            (no boots)
Will    .....        (no amulet)
Stlth   +            (no ring)
HPRegen 0.22/turn    (no ring)
MPRegen 0.08/turn

%: no passive effects
@: no status effects
A: sickness immunity, AC +2, negative energy resistance 1, electricity
resistance, torment resistance 1, petrification resistance
a: no special abilities


You were on level 2 of the Dungeon.
You visited 1 branch of the dungeon, and saw 2 of its levels.

You collected 48 gold pieces.
You spent 20 gold pieces at shops.


Innate Abilities, Weirdness & Mutations

You are immune to sickness and miasma.
Your stone body is resilient. (AC +2)
You are immune to poison.
You resist negative energy. (rN+)
You are resistant to electric shocks. (rElec)
You are resistant to unholy torment.
You are immune to petrification.


   Skills:
 - Level 2.1 Fighting
 + Level 4.7 Ranged Weapons
 - Level 1.5 Dodging
 - Level 1.1 Stealth


You had one spell level left.
You didn't know any spells.
Your spell library was empty.

Inventory:

Hand Weapons
 Y - a +1 shortbow (weapon)
Armour
 c - a +0 leather armour (worn)
Jewellery
 g - a ring of ice
Potions
 d - a potion of lignification {unknown}
 h - a potion of enlightenment {unknown}

Dungeon Overview and Level Annotations

Branches:
Dungeon (2/15)

Altars:

Shops:
D:1 *

Annotations:
D:1 2 transporters
D:2 Natasha


Message History

You kill the frilled lizard!
Natasha, Servant of Life and Death comes into view.
Natasha hisses angrily.
Natasha casts a spell.
696 ||| Stepping ~*~*~tactically~*~*~ (outnumbered).
A cerulean imp is nearby!
You shoot an arrow. The arrow hits the cerulean imp.
The cerulean imp is moderately wounded.
A hobgoblin comes into view.
You shoot an arrow. The arrow closely misses the hobgoblin.
Natasha casts a spell.
You shoot an arrow.
The arrow completely misses the hobgoblin.
You shoot an arrow.
The arrow hits the hobgoblin but does no damage.
The hobgoblin hits you but does no damage.
The cerulean imp barely misses you.
Natasha mumbles some strange words.
The hobgoblin hits you.
The cerulean imp hits you from afar with a +1 spear.
The cerulean imp hits you from afar with a +2 spear.
You shoot an arrow. The arrow closely misses the hobgoblin.
The hobgoblin hits you but does no damage.
The cerulean imp hits you but does no damage.
The cerulean imp barely misses you.
You shoot an arrow. The arrow hits the hobgoblin.
The hobgoblin is almost dead.
The hobgoblin barely misses you. The cerulean imp barely misses you.
The cerulean imp hits you from afar with a +2 spear.
You shoot an arrow. The arrow barely misses the hobgoblin.
The hobgoblin closely misses you.
The cerulean imp hits you from afar with a +1 spear.
The cerulean imp hits you but does no damage.
You shoot an arrow. The arrow closely misses the hobgoblin.
The hobgoblin hits you but does no damage.
The cerulean imp hits you from afar with a +2 spear.
The cerulean imp closely misses you. The hobgoblin hits you.
The cerulean imp hits you but does no damage.
The cerulean imp hits you from afar with a +2 spear.
You die...

..#.. # ....
.. ...### .#
....##..
..... #h5#
###55## #
###.....#....
#...#@g......
#.####.....#.
##.# ##.....
#..# .....
######.###
....
#........#..#
....
#.....<....#
...
#........###
#........#


You could see Natasha, 3 cerulean imps and a hobgoblin.

Vanquished Creatures
  2 ball pythons (D:1)
  A goblin (D:1)
  2 hobgoblins (D:1)
  4 kobolds (D:1)
  A quokka (D:1)
  3 frilled lizards
  3 rats (D:1)
16 creatures vanquished.

Notes
Turn   | Place    | Note
-------+----------+-------------------------------------------
     0 | D:1      | qw the Gargoyle Hunter began the quest for the Orb.
     0 | D:1      | Reached XP level 1. HP: 12/12 MP: 1/1
     0 | D:1      | 0 ||| qw: Version: 0.2-a-29-gc1b59c4
     0 | D:1      | 0 ||| qw: Game counter: 4770
     0 | D:1      | 0 ||| qw: Always use a shield: true
     0 | D:1      | 0 ||| qw: God list: Okawaru
     0 | D:1      | 0 ||| qw: Allow faded altars: false
     0 | D:1      | 0 ||| qw: Do Orc after D:15 true
     0 | D:1      | 0 ||| qw: Do second Lair branch before Depths: true
     0 | D:1      | 0 ||| qw: Lair rune preference: random
     0 | D:1      | 0 ||| qw: Plans: Normal, Zot:1-4, Slime:5, God:TSO, Crypt,
                  | Tomb, Abyss, Pan, Hells, Win
     0 | D:1      | 0 ||| PLANNING D:1-11
   110 | D:1      | Reached XP level 2. HP: 17/17 MP: 2/2
   220 | D:1      | Found Febuz's Assorted Antiques.
   253 | D:1      | 253 ||| SHOPLISTING 2 clear potions (41 gold, have 21).
   253 | D:1      | 253 ||| SHOPLISTING dyed leather armour (115 gold, have
                  | 21).
   253 | D:1      | 253 ||| BUYING fuming dark potion (20 gold).
   253 | D:1      | Bought a fuming dark potion for 20 gold pieces
   253 | D:1      | 253 ||| SHOPLISTING inky potion (20 gold, have 1).
   634 | D:1      | 634 ||| READING scroll labelled BUUNA ZAQEXKE.
   635 | D:1      | 635 ||| READING scroll labelled SUNYIROZUNK.
   636 | D:1      | 636 ||| READING scroll labelled CEOHAURIRPH.
   641 | D:1      | 641 ||| DROPPING scroll of butterflies.
   695 | D:2      | Noticed Natasha
   696 | D:2      | 696 ||| Stepping ~*~*~tactically~*~*~ (outnumbered).
   705 | D:2      | HP: 3/17 [cerulean imp/+2 spear[Natasha] (3)]
   705 | D:2      | HP: 1/17 [hobgoblin (2)]
   705 | D:2      | Slain by a cerulean imp

Levels and vault maps discovered:
D:1:      spicycebolla_arrival_transporter_tutorial, layout_loops_ring,
          serial_shops, shop
D:2:      cheibrodos_pilgrimage, layout_rooms, moated_statue, uniq_natasha

Action                     || total
---------------------------++-------
   Fire: Shortbow          ||    45
    Use: Scroll            ||     3
 Armour: Leather armour    ||     7
  Dodge: Dodged            ||     9

Table legend:
 A = Non-vault XP
 B = Vault XP
 C = Vault XP percentage of total XP
 D = Non-vault monster count
 E = Vault monster count
 F = Vault count percentage of total count
                 A         B        C        D         E       F
            +---------+---------+-------+---------+---------+-------
      Total |      24 |       0 |   0.0 |      16 |       0 |   0.0
            +---------+---------+-------+---------+---------+-------
        D:1 |      23 |       0 |   0.0 |      15 |       0 |   0.0
        D:2 |       1 |       0 |   0.0 |       1 |       0 |   0.0
            +---------+---------+-------+---------+---------+-------
